 Dungeon Crawl Stone Soup version 0.20.1-1-g8b1a95d (webtiles) character file.

5327 HammerPanzer the Carver (level 10, -2/94 HPs)
             Began as a Minotaur Berserker on Oct 31, 2017.
             Was a High Priest of Trog.
             Slain by a fire elemental (9 damage)
             ... summoned by a deep elf mage
             ... on level 9 of the Dungeon.
             The game lasted 00:22:45 (9513 turns).

HammerPanzer the Carver (Minotaur Berserker)        Turns: 9513, Time: 00:22:46

Health: -2/94      AC: 14    Str: 25    XL:     10   Next: 38%
Magic:  9/9        EV:  7    Int:  4    God:    Trog [*****.]
Gold:   51         SH:  0    Dex: 10    Spells: 9/9 levels left

rFire    . . .     SeeInvis .   E - +2 triple sword (slice)
rCold    . . .     Gourm    .   (shield currently unavailable)
rNeg     . . .     Faith    .   r - +0 plate armour
rPois    .         Spirit   .   (helmet restricted)
rElec    .         Reflect  .   A - +0 cloak
rCorr    .         Harm     .   m - +0 pair of gloves
MR       .....                  (no boots)
Stlth    ..........             (no amulet)
Regen    0.3/turn               l - +1 ring of protection
MPRegen  0.2/turn               (no ring)

@: about to teleport, berserk cooldown, slowed, very slow
A: retaliatory headbutt, horns 2
a: Berserk, Trog's Hand, Brothers in Arms, Burn Spellbooks, Renounce Religion


You were on level 9 of the Dungeon.
You worshipped Trog.
Trog was extremely pleased with you.
You were very hungry.

You visited 1 branch of the dungeon, and saw 9 of its levels.

You collected 480 gold pieces.
You spent 429 gold pieces at shops.

Inventory:

Hand Weapons
 E - a +2 triple sword of slicing (weapon)
Missiles
 f - 3 exploding tomahawks (quivered)
Armour
 m - a +0 pair of gloves (worn)
 r - a +0 plate armour (worn)
 A - a +0 cloak (worn)
Jewellery
 l - a +1 ring of protection (left hand)
Wands
 a - a wand of random effects (18/48)
 d - a wand of random effects (32/48)
 s - a wand of acid (12/15)
 x - a wand of polymorph (8/24)
 B - a wand of random effects (18/48)
Scrolls
 g - 3 scrolls of fog
 h - 3 scrolls of remove curse
 v - a scroll of magic mapping
 y - a scroll of summoning {unknown}
Potions
 e - 2 potions of cancellation
 j - a potion of haste {unknown}
 k - 2 potions of flight
 n - 2 potions of magic
 p - a potion of heal wounds
 t - a potion of brilliance
 u - a potion of curing
 w - a potion of ambrosia
 z - a potion of might {unknown}
 C - a potion of lignification {unknown}
Comestibles
 b - 2 meat rations
 c - 5 bread rations
 i - 8 royal jellies
 o - 3 chunks of flesh
 q - a fruit


   Skills:
 + Level 10.9 Fighting
 * Level 14.8 Long Blades
 - Level 2.4 Armour
 - Level 2.1 Dodging


You had 9 spell levels left.
You didn't know any spells.

Dungeon Overview and Level Annotations

Branches:
Dungeon (9/15)             Temple (0/1) D:5
   Lair: D:8-11         Orc: D:9-12

Altars:
Ashenzari
Fedhas
Gozag
Hepliaklqana
Kikubaaqudgha
Nemelex Xobeh
Okawaru
Ru

Shops:
D:8 *


Innate Abilities, Weirdness & Mutations

You reflexively headbutt those who attack you in melee.
You have a pair of horns on your head.


Message History

Your headbutt misses the fire elemental.
The fire elemental is almost destroyed.
The fire elemental hits you. The fire elemental burns you!
The hound skeleton bites you but does no damage.
The fire elemental hits you. The fire elemental burns you!
The hound skeleton is engulfed in blazing flames.
The hound skeleton is engulfed in blazing flames.
The hound skeleton is destroyed!
The fire elemental hits you. The fire elemental burns you!
* * * LOW HITPOINT WARNING * * *
Things that are here:
a giant club x2
The fire elemental hits you. The fire elemental burns you!
* * * LOW HITPOINT WARNING * * *
As you read the scroll of teleportation, it crumbles to dust.
You feel strangely unstable. The fire elemental hits you.
The fire elemental burns you!
* * * LOW HITPOINT WARNING * * *
The fire elemental hits you. The fire elemental burns you!
You die...

...............##'##.#.
............[..#...#.#.
...............#...#.#.
########.......#...#.#.
#### ##......#...#.#.
..$ ##.....#####.#. #
#§#####...........#'
#$##§##§##.............
#.§§EE@§.'......#######
#$##E##§##......#(.....
##§#####......#......
#§Ee# #......#......
##§## #......#......
#§# #......####### §..
#............. ##.##
..........### #.#


You could see 3 fire elementals.

Vanquished Creatures
  A two-headed ogre (D:9)
  5 slime creatures (D:8)
  A yak (D:7)
  3 hogs (D:7)
  A human (D:7)
  A hungry ghost (D:7)
  Duvessa (D:7)
  A phantom (D:5)
  An orc warrior (D:8)
  A sky beast (D:7)
  3 ice beasts
  4 ogres
  A necrophage (D:5)
  4 centaurs
  A big kobold (D:8)
  Dowan (D:7)
  A water moccasin zombie (D:9)
  2 scorpions (D:4)
  4 killer bees (D:7)
  A crimson imp (D:7)
  4 howler monkeys
  2 bullfrog zombies
  A jelly (D:7)
  3 orc priests
  2 hounds
  3 orc wizards
  11 worker ants
  A howler monkey zombie (D:5)
  2 worker ant zombies
  Robin (D:2)
  3 gnolls (D:4)
  7 adders
  4 shadow imps
  An adder zombie (D:5)
  3 worms
  2 dart slugs
  2 leopard geckos
  33 orcs
  6 bats
  2 giant cockroaches (D:3)
  12 goblins
  13 hobgoblins
  7 jackals
  3 quokkas
  A ball python (D:4)
  3 frilled lizards
  14 kobolds
  5 rats
189 creatures vanquished.

Vanquished Creatures (others)
  A human (D:3)
  A hound skeleton (D:9)
  A worker ant zombie (D:9)
3 creatures vanquished.

Grand Total: 192 creatures vanquished

Notes
Turn   | Place    | Note
-------+----------+-------------------------------------------
     0 | D:1      | HammerPanzer the Minotaur Berserker began the quest for the Orb.
     0 | D:1      | Reached XP level 1. HP: 19/19 MP: 0/0
   525 | D:1      | Reached skill level 4 in Long Blades
   603 | D:1      | Reached XP level 2. HP: 26/27 MP: 1/1
   910 | D:2      | Found a shattered altar of Ashenzari.
   916 | D:2      | Found a hazy altar of Hepliaklqana.
   919 | D:2      | Found an iron altar of Okawaru.
   921 | D:2      | Found a sacrificial altar of Ru.
  1173 | D:2      | Found a faded altar of an unknown god.
  1186 | D:2      | Reached XP level 3. HP: 29/33 MP: 2/2
  1490 | D:2      | Reached ** piety under Trog
  1662 | D:2      | Noticed Robin
  1670 | D:2      | Killed Robin
  1670 | D:2      | Reached skill level 5 in Long Blades
  2148 | D:2      | Reached XP level 4. HP: 15/41 MP: 3/3
  3005 | D:3      | Found an ancient bone altar of Kikubaaqudgha.
  3007 | D:3      | Noticed a human
  3010 | D:3      | Killed a human
  3030 | D:3      | Reached skill level 6 in Long Blades
  3030 | D:3      | Reached XP level 5. HP: 47/47 MP: 4/4
  3138 | D:3      | Reached *** piety under Trog
  3138 | D:3      | Reached skill level 5 in Fighting
  3539 | D:4      | Noticed an ogre
  3548 | D:4      | Killed an ogre
  3548 | D:4      | Reached skill level 7 in Long Blades
  3548 | D:4      | Reached XP level 6. HP: 9/56 MP: 5/5
  4145 | D:4      | HP: 1/57 [gnoll/whip of electrocution (12)]
  4576 | D:4      | Reached skill level 8 in Long Blades
  4657 | D:4      | Found a sparkling altar of Nemelex Xobeh.
  4724 | D:4      | Reached XP level 7. HP: 62/62 MP: 6/6
  4884 | D:5      | Entered Level 5 of the Dungeon
  5180 | D:5      | Reached skill level 9 in Long Blades
  5340 | D:5      | Found a staircase to the Ecumenical Temple.
  5686 | D:5      | Reached skill level 10 in Long Blades
  5686 | D:5      | Reached XP level 8. HP: 53/71 MP: 7/7
  6348 | D:6      | Reached **** piety under Trog
  6545 | D:6      | Found an opulent altar of Gozag.
  7035 | D:6      | Reached skill level 11 in Long Blades
  7114 | D:7      | Noticed Duvessa
  7114 | D:7      | Noticed Dowan
  7179 | D:7      | Killed Duvessa
  7182 | D:7      | Killed Dowan
  7197 | D:7      | Reached XP level 9. HP: 49/82 MP: 8/8
  7537 | D:7      | Reached skill level 12 in Long Blades
  7691 | D:7      | Reached skill level 13 in Long Blades
  8363 | D:8      | Reached skill level 10 in Fighting
  8460 | D:8      | Reached ***** piety under Trog
  8679 | D:8      | Reached skill level 14 in Long Blades
  8679 | D:8      | Reached XP level 10. HP: 94/94 MP: 9/9
  9239 | D:8      | Found a blossoming altar of Fedhas.
  9257 | D:8      | Found Puodih's Assorted Antiques.
  9298 | D:8      | Bought a runed triple sword for 429 gold pieces
  9406 | D:9      | Found Xorameog's Assorted Antiques.
  9486 | D:9      | Noticed a two-headed ogre
  9492 | D:9      | Killed a two-headed ogre
  9495 | D:9      | Noticed a deep elf mage
  9513 | D:9      | Slain by a fire elemental

Skill      XL: |  1  2  3  4  5  6  7  8  9 |
---------------+----------------------------+-----
Long Blades    | 4 5 6 7 8 10 11 14 | 14.8
Fighting       | 4 5 7 8 10 | 10.9
Armour         | |  2.4
Dodging        | |  2.1

Action                   |  1- 3 |  4- 6 |  7- 9 | 10-12 || total
-------------------------+-------+-------+-------+-------++-------
Melee: Falchion          |    90 |   104 |   321 |    36 ||   551
       Headbutt          |    13 |    15 |    70 |    10 ||   108
       Triple sword      |       |       |       |    20 ||    20
Invok: Berserk           |     1 |     4 |     8 |     1 ||    14
       Burn Spellbooks   |       |       |     3 |       ||     3
  Use: Scroll            |       |    10 |     7 |     2 ||    19
       Potion            |       |     1 |     1 |     1 ||     3
  Eat: Chunk             |     5 |    11 |    21 |     2 ||    39
       Fruit             |       |       |       |     2 ||     2
Armor: Animal skin       |    12 |     2 |       |       ||    14
       Scale mail        |       |    27 |       |       ||    27
       Chain mail        |       |    13 |    13 |       ||    26
       Plate armour      |       |       |   156 |    49 ||   205
Dodge: Dodged            |    67 |    70 |    84 |    30 ||   251
Block: Buckler           |       |       |    37 |     4 ||    41
       Rpst.: Falchion   |    12 |    14 |    16 |     3 ||    45
       Triple sword      |       |       |       |     6 ||     6
